 Dungeon Crawl Stone Soup version 0.23.2-40-g277498a (webtiles) character file.

Game seed: 4029992001962482191

222 peteyfrogboy the Caller (level 5, -6/41 HPs)
             Began as a Gnoll Wanderer on Sept 28, 2019.
             Killed by divine providence
             ... invoked by an orc priest
              (15 damage)
             ... on level 3 of the Dungeon.
             The game lasted 00:06:44 (2716 turns).

peteyfrogboy the Caller (Gnoll Wanderer)            Turns: 2716, Time: 00:06:45

Health: -6/41      AC:  6    Str: 15    XL:     5   Next: 99%
Magic:  7/9        EV: 12    Int: 15    God:
Gold:   93         SH:  0    Dex: 14    Spells: 6/10 levels left

rFire    . . .     SeeInvis .   a - +3 dagger
rCold    . . .     Gourm    .   (no shield)
rNeg     . . .     Faith    .   n - +2 leather armour {MR+}
rPois    .         Spirit   .   (no helmet)
rElec    .         Reflect  .   (no cloak)
rCorr    .         Harm     .   (no gloves)
MR       +....                  d - +0 pair of boots
Stlth    ++........             (no amulet)
HPRegen  0.13/turn              (no ring)
MPRegen  0.11/turn              (no ring)

@: no status effects
A: distributed training, fangs 1, strong nose
a: no special abilities


You were on level 3 of the Dungeon.
You were not hungry.

You visited 1 branch of the dungeon, and saw 3 of its levels.

You collected 93 gold pieces.

Inventory:

Hand Weapons
 a - a +3 dagger (weapon)
 c - a +0 spear
 j - a +1 dagger of venom
Armour
 d - a +0 pair of boots (worn)
 n - a +2 leather armour of magic resistance (worn)
Scrolls
 e - a scroll of identify
 h - 2 scrolls of amnesia {unknown}
Potions
 b - a potion of berserk rage
 g - a potion of degeneration {unknown}
 i - a potion of brilliance {unknown}
 k - 2 potions of curing
Comestibles
 f - a ration
 l - 3 chunks of flesh


   Skills:
 + Level 3.1 Fighting
 + Level 1.6 Short Blades
 + Level 1.6 Long Blades
 + Level 1.6 Axes
 + Level 1.6 Maces & Flails
 + Level 1.6 Polearms
 + Level 1.6 Staves
 + Level 1.6 Slings
 + Level 1.6 Bows
 + Level 1.6 Crossbows
 + Level 3.1 Throwing
 + Level 4.8 Armour
 + Level 1.6 Dodging
 + Level 2.9 Stealth
 + Level 1.6 Shields
 + Level 1.6 Unarmed Combat
 + Level 3.2 Spellcasting
 + Level 1.3 Conjurations
 + Level 2.5 Hexes
 + Level 1.3 Charms
 + Level 5.6 Summonings
 + Level 1.3 Necromancy
 + Level 1.3 Translocations
 + Level 1.3 Transmutations
 + Level 1.3 Fire Magic
 + Level 1.3 Ice Magic
 + Level 1.3 Air Magic
 + Level 1.3 Earth Magic
 + Level 1.3 Poison Magic
 + Level 1.9 Invocations
 + Level 1.6 Evocations


You had 6 spell levels left.
You knew the following spells:

 Your Spells              Type           Power        Failure   Level  Hunger
a - Summon Small Mammal   Summ           ###.         2%          1    #......
b - Call Canine Familiar  Summ           ###.....     7%          3    ###....

Your spell library contained the following spells:

 Spells                   Type           Power        Failure   Level  Hunger


Dungeon Overview and Level Annotations

Branches:
Dungeon (3/15)

Altars:


Innate Abilities, Weirdness & Mutations

Your experience applies equally to all skills.
You have very sharp teeth.
Your uncanny sense of smell can sniff out nearby items.


Message History

Your hound bites the orc.
The orc dies!
Your hound bites the rat.
The rat dies!
What are your orders? t - Bark!
Orders for allies: a - Attack new target. r - Retreat! s - Stop attacking. g - Guard the area. f - Follow me.
Anything else - Cancel.
Gang up on whom?
Press: ? - help, Dir - move target cursor, f - orc priest
Aim: an orc priest, wearing a +0 ring mail (severely wounded) Attack!
The orc priest hits your hound.
Your hound bites the orc priest but does no damage.
Your hound barely misses the orc priest.
The orc priest calls down the wrath of Beogh upon you.
Beogh smites you!
You die...

#.....#.#.#rr.........
############...#.#.#.#.###.#.....
......#............#...#.........
......#........#.########.#..####
................................#
).....#..........########.#..#.##
......#..........# #.#..#...
......#..........########.#..# ##
......####.##'#.@.........#..#
......# #.##.#..##########..#
##'#### #.............. ...# ##.#
#..#.#..####### .## ...#
#..#.#..# ...# ####....#..# ...#
#.....#..#h.####### ...#
#.....#..#o........ ##.#
#...........#####.#


You could see an orc priest and a friendly hound.

Vanquished Creatures
  2 orc priests (D:3)
  An adder (D:2)
  An ooze (D:3)
  4 worms
  3 dart slugs
  2 orcs (D:3)
  5 bats
  4 giant cockroaches (D:1)
  3 goblins
  6 hobgoblins
  8 jackals
  2 quokkas
  A ball python (D:2)
  3 frilled lizards
  3 kobolds
  9 rats
57 creatures vanquished.

Vanquished Creatures (collateral kills)
  A phantom (D:3)
  2 adders
  2 orcs (D:3)
  3 goblins
  A hobgoblin (D:1)
  2 jackals (D:1)
  3 kobolds (D:1)
  A rat (D:3)
15 creatures vanquished.

Grand Total: 72 creatures vanquished

Notes
Turn   | Place    | Note
-------+----------+-------------------------------------------
     0 | D:1      | peteyfrogboy the Gnoll Wanderer began the quest for the
                  | Orb.
     0 | D:1      | peteyfrogboy set off with the following items: a +2 dagger,
                  | a potion of berserk rage, a +0 spear, a +0 robe, a ration;
                  | and the following spell memorised: Summon Small Mammal; and
                  | the following spells available to memorise: Call Canine
                  | Familiar
     0 | D:1      | Reached XP level 1. HP: 17/17 MP: 4/4
   139 | D:1      | Reached XP level 2. HP: 20/23 MP: 2/5
   476 | D:1      | Reached XP level 3. HP: 28/28 MP: 7/7
   784 | D:2      | Reached skill level 1 in Invocations
  1150 | D:2      | Reached skill level 1 in Short Blades
  1150 | D:2      | Reached skill level 1 in Long Blades
  1150 | D:2      | Reached skill level 1 in Axes
  1150 | D:2      | Reached skill level 1 in Maces & Flails
  1150 | D:2      | Reached skill level 1 in Polearms
  1150 | D:2      | Reached skill level 1 in Staves
  1150 | D:2      | Reached skill level 1 in Slings
  1150 | D:2      | Reached skill level 1 in Bows
  1150 | D:2      | Reached skill level 1 in Crossbows
  1150 | D:2      | Reached skill level 1 in Dodging
  1150 | D:2      | Reached skill level 1 in Shields
  1150 | D:2      | Reached skill level 1 in Unarmed Combat
  1150 | D:2      | Reached skill level 1 in Evocations
  1206 | D:2      | Found a faded altar of an unknown god.
  1301 | D:2      | Reached XP level 4. HP: 30/34 MP: 8/8
  1921 | D:3      | Reached skill level 1 in Conjurations
  1921 | D:3      | Reached skill level 1 in Charms
  1921 | D:3      | Reached skill level 1 in Necromancy
  1921 | D:3      | Reached skill level 1 in Translocations
  1921 | D:3      | Reached skill level 1 in Transmutations
  1921 | D:3      | Reached skill level 1 in Fire Magic
  1921 | D:3      | Reached skill level 1 in Ice Magic
  1921 | D:3      | Reached skill level 1 in Air Magic
  1921 | D:3      | Reached skill level 1 in Earth Magic
  1921 | D:3      | Reached skill level 1 in Poison Magic
  1922 | D:3      | Reached XP level 5. HP: 14/40 MP: 7/9
  2176 | D:3      | Noticed a phantom
  2456 | D:2      | Learned a level 3 spell: Call Canine Familiar
  2505 | D:3      | Killed a phantom
  2716 | D:3      | Killed from afar by an orc priest

Skill      XL: |  1  2  3  4  5 |
---------------+----------------+-----
Hexes          | 2 |  2.5
Invocations    | 1 |  1.9
Short Blades   | 1 |  1.6
Long Blades    | 1 |  1.6
Axes           | 1 |  1.6
Maces & Flails | 1 |  1.6
Polearms       | 1 |  1.6
Staves         | 1 |  1.6
Slings         | 1 |  1.6
Bows           | 1 |  1.6
Crossbows      | 1 |  1.6
Dodging        | 1 |  1.6
Shields        | 1 |  1.6
Unarmed Combat | 1 |  1.6
Evocations     | 1 |  1.6
Spellcasting   | 3 |  3.2
Conjurations   | 1 |  1.3
Charms         | 1 |  1.3
Necromancy     | 1 |  1.3
Translocations | 1 |  1.3
Transmutations | 1 |  1.3
Fire Magic     | 1 |  1.3
Ice Magic      | 1 |  1.3
Air Magic      | 1 |  1.3
Earth Magic    | 1 |  1.3
Poison Magic   | 1 |  1.3
Fighting       | 3 |  3.1
Throwing       | 3 |  3.1
Armour         | |  4.8
Stealth        | |  2.9
Summonings     | |  5.6

Action                   |  1- 3 |  4- 6 || total
-------------------------+-------+-------++-------
Melee: Dagger            |   137 |   123 ||   260
       Bite              |    11 |    22 ||    33
 Cast: Summon Small Mamm |    14 |    25 ||    39
       Call Canine Famil |       |     6 ||     6
  Use: Scroll            |     5 |       ||     5
       Potion            |     2 |       ||     2
 Stab: Sleeping          |     1 |     1 ||     2
  Eat: Chunk             |     1 |     3 ||     4
       Ration            |       |     1 ||     1
Armor: Ring mail         |    36 |       ||    36
       Leather armour    |    22 |    50 ||    72
Dodge: Dodged            |    79 |    72 ||   151
